 Dungeon Crawl Stone Soup version 0.15.2 (webtiles) character file.

238 4tharraofdagon the Skirmisher (level 5, -8/48 HPs)
             Began as a Draconian Wanderer on Jan 24, 2015.
             Was an Initiate of Qazlal.
             Mangled by Blork the orc
             ... wielding a cursed -2 glaive
              (12 damage)
             ... on Level 5 of the Dungeon.
             The game lasted 00:12:21 (2141 turns).

4tharraofdagon the Skirmisher (Draconian Wanderer)  Turns: 2141, Time: 00:12:21

HP  -8/48        AC  5     Str 15      XL: 5   Next: 78%
MP   5/5         EV 18     Int 11 (12) God: Qazlal [......]
Gold 116         SH  0     Dex 16      Spells:  0 memorised,  4 levels left

rFire  . . .     SeeInvis .     c - +0 hand axe
rCold  . . .     Clarity  .     (armour unavailable)
rNeg   + . .     rCorr    .     (no shield)
rPois  .         rRot     .     (helmet restricted)
rElec  .         Spirit   .     (no cloak)
SustAb .         Warding  +     (no gloves)
rMut   .         Stasis   .     (no boots)
Gourm  .                        u - amulet of warding
MR     .....                    (no ring)
                                g - ring of flight

@: agile, not resistant to hostile enchantments, unstealthy
A: unfitting armour, cold-blooded, AC +5
a: Renounce Religion, Evoke Flight


You were on level 5 of the Dungeon.
You worshipped Qazlal.
Qazlal was noncommittal.
You were hungry.

You visited 2 branches of the dungeon, and saw 6 of its levels.

You collected 116 gold pieces.

Inventory:

Hand weapons
 b - a +0 quarterstaff of holy wrath
 c - a +0 hand axe (weapon)
Magical devices
 n - a wand of slowing (18)
Comestibles
 f - 4 bread rations
 k - 2 slices of pizza
Scrolls
 i - a scroll of magic mapping {unknown}
 j - a scroll of noise {unknown}
 l - a scroll of fear {unknown}
 m - a scroll of remove curse {unknown}
 p - a scroll of fog {unknown}
 q - a scroll of teleportation
 r - a scroll of enchant weapon {unknown}
 s - a scroll of immolation {unknown}
 t - a scroll of amnesia {unknown}
Jewellery
 g - a ring of flight (left hand)
 u - an amulet of warding (around neck)
Potions
 a - a potion of poison
 e - a potion of might {unknown}


   Skills:
 + Level 5.4 Fighting
   Level 1.0 Long Blades
 * Level 4.3 Axes
 - Level 1.0 Throwing
 + Level 2.6 Dodging
   Level 1.0 Shields
 * Level 1.0 Invocations


You had 4 spell levels left.
You didn't know any spells.

Dungeon Overview and Level Annotations

Branches:
Dungeon (5/15)             Temple (1/1) D:4

Altars:
Cheibriados
Elyvilon
Fedhas
Nemelex Xobeh
Qazlal
Sif Muna
Yredelemnul
Zin

Shops:
D:4 (

Annotations:
D:3 Grinder; Ijyb
D:4 4tharraofdagon's ghost, average SpSk
D:5 Blork the orc


Innate Abilities, Weirdness & Mutations

Your plain brown scales are hard (AC +5).
Your body does not fit into most forms of armour.
Your cold-blooded metabolism reacts poorly to cold.


Message History

Drink which item? (? for menu, Esc to quit)
You feel agile all of a sudden.
You hear a zap.
Something tries to affect you, but you resist.
Something hits you but does no damage.
You barely miss something. Something closely misses you.
You feel your intelligence returning.
You hit something. Something hits you.
* * * LOW HITPOINT WARNING * * *
You miss something. You tail-slap something.
Something hits you but does no damage.
You barely miss something. You tail-slap something.
Something barely misses you.
You barely miss something. Something hits you.
* * * LOW HITPOINT WARNING * * *
You hear some strange, mumbled words.
A puff of flame appears from out of thin air!
The puff of flame misses you.
You miss something. You tail-slap something. Something hits you!
You die...

... ##.....## ##.......##
#.......(.# +.........+
#.........# #....(..#
#....># #.@.# ##+## #.#
#### #######<###
...##.........#
#.###.#.....#....#
#................#
#####.#.....#....#######♣
#..#...#.>..........♣


There were no monsters in sight!

Vanquished Creatures
  2 scorpions (D:4)
  An orc priest (D:4)
  A gnoll (D:1)
  4 adders
  A giant mite (D:4)
  A giant gecko (D:2)
  2 oozes
  4 orcs
  7 bats
  A bat skeleton (D:4)
  A giant cockroach (D:1)
  6 goblins
  5 hobgoblins
  2 jackals (D:1)
  A quokka (D:4)
  A ball python (D:3)
  9 kobolds
  6 rats
55 creatures vanquished.

Notes
Turn   | Place    | Note
--------------------------------------------------------------
     0 | D:1      | 4tharraofdagon, the Draconian Wanderer, began the quest for the Orb.
     0 | D:1      | Reached XP level 1. HP: 22/22 MP: 1/1
    68 | D:1      | Reached XP level 2. HP: 22/28 MP: 2/2
   235 | D:1      | Reached XP level 3. HP: 24/34 MP: 3/3
   982 | D:3      | Noticed Grinder
   989 | D:3      | Paralysed by Grinder for 6 turns
  1081 | D:3      | Reached XP level 4. HP: 25/41 MP: 4/4
  1136 | D:4      | Noticed 4tharraofdagon's ghost (average SpSk)
  1366 | D:3      | Noticed Ijyb
  1383 | D:4      | Found Ylomy's Weapon Emporium.
  1553 | D:4      | Reached skill level 5 in Fighting
  1553 | D:4      | Reached XP level 5. HP: 40/48 MP: 5/5
  1736 | D:4      | Found a staircase to the Ecumenical Temple.
  1745 | Temple   | Entered the Ecumenical Temple
  1796 | Temple   | Became a worshipper of Qazlal Stormbringer
  1851 | D:4      | Found a deep blue altar of Sif Muna.
  1915 | D:4      | Reached skill level 1 in Invocations
  2077 | D:5      | Entered Level 5 of the Dungeon
  2107 | D:5      | Noticed Blork the orc
  2141 | D:5      | Mangled by Blork the orc

Action                   |  1- 3 |  4- 6 || total
-------------------------+-------+-------++-------
Melee: Hand axe          |   131 |   139 ||   270
Throw: Throwing net      |     5 |     2 ||     7
       Javelin           |       |    12 ||    12
Evoke: Wand              |       |     1 ||     1
  Use: Potion            |     2 |     3 ||     5
       Scroll            |     1 |     3 ||     4
 Stab: Held in net/web   |     2 |       ||     2
  Eat: Chunk             |       |     5 ||     5
